 Dungeon Crawl Stone Soup version 0.31.0-32-g396128a36d (webtiles) character file.

Game seed: 7662671706620179236

161 DroidAssault the Gusty (level 5, -3/40 HPs)
             Began as a Draconian Air Elementalist on Mar 12, 2024.
             Incinerated by a bombardier beetle (6 damage)
             ... with a burning spray
             ... on level 3 of the Dungeon.
             The game lasted 00:08:36 (2159 turns).

DroidAssault the Gusty (Draconian Air Elementalist) Turns: 2159, Time: 00:08:37

Health: -3/40      AC:  5    Str: 12    XL:     5   Next: 18%
Magic:  1/8        EV: 12    Int: 15    God:
Gold:   116        SH:  0    Dex: 12    Spells: 3/9 levels left

rFire   x . .        f - +4 dagger
rCold   + + .        (no shield)
rNeg    . . .        (body armour unavailable)
rPois   .            (helmet restricted)
rElec   .            (no cloak)
rCorr   .            (no gloves)
SInv    .            (no boots)
Will    +....        c - amulet of magic regeneration
Stlth   +            j - ring of ice
HPRegen 0.26/turn    k - ring of willpower
MPRegen 0.51/turn

%: no passive effects
@: on fire, flying, very slightly contaminated, glowing
A: AC +5, unfitting armour, cold-blooded, big wings, cold resistance 1
a: no special abilities


You were on level 3 of the Dungeon.
You visited 1 branch of the dungeon, and saw 3 of its levels.

You collected 116 gold pieces.

Inventory:

Hand Weapons
 a - a +0 halberd
 f - a +4 dagger (weapon)
Missiles
 g - 4 silver javelins
Jewellery
 c - an amulet of magic regeneration (around neck)
 j - a ring of ice (left hand)
 k - a ring of willpower (right hand)
Potions
 b - a potion of attraction {unknown}
 e - a potion of resistance {unknown}
 l - a potion of heal wounds {unknown}


   Skills:
 * Level 1.2 Fighting
 * Level 1.1 Short Blades
 * Level 0.2 Polearms
 * Level 1.2 Throwing
 * Level 2.2 Dodging
 * Level 2.3 Stealth
 * Level 2.6 Spellcasting
 * Level 2.0 Conjurations
 * Level 3.7 Air Magic


You had 3 spell levels left.
You knew the following spells:

 Your Spells              Type           Power      Damage    Failure   Level
a - Shock                 Conj/Air       40%        1d5       6%          1
b - Static Discharge      Conj/Air       20%        3-4/arc   10%         2
c - Swiftness             Air            13%        N/A       14%         3

Your spell library contained the following spells:

 Spells                   Type           Power      Damage    Failure   Level
 Airstrike                Air            6%         2d(1-17)  41%         4


Dungeon Overview and Level Annotations

Branches:
Dungeon (3/15)

Altars:
Elyvilon
Okawaru


Innate Abilities, Weirdness & Mutations

Your plain brown scales are hard. (AC +5)
You cannot fit into any form of body armour.
You are cold-blooded and may be slowed by cold attacks.
Your large and strong wings let you fly.
Your flesh is cold resistant. (rC+)


Message History

You are even more covered in liquid fire!
Casting: Static Discharge (safe; 10% risk of failure)
Confirm with . or Enter, or press ? or * to list all spells.
You miscast Static Discharge.
You are very lightly contaminated with residual magic.
Nothing appears to happen.
The liquid fire burns you!
Unknown command.
Casting: Static Discharge (safe; 10% risk of failure)
Confirm with . or Enter, or press ? or * to list all spells.
The bombardier beetle is struck by an arc of lightning.
The bombardier beetle is almost dead.
You are struck by an arc of lightning.
The bombardier beetle is struck by an arc of lightning.
You kill the bombardier beetle!
The lightning grounds out.
The liquid fire burns you!
You have reached level 5!
You closely miss the quokka.
The quokka is severely wounded.
The liquid fire burns you! The quokka bites you.
Casting: Static Discharge (safe; 10% risk of failure)
Confirm with . or Enter, or press ? or * to list all spells.
The quokka is struck by an arc of lightning.
You kill the quokka!
The kobold is struck by an arc of lightning.
You kill the kobold!
The lightning grounds out.
The liquid fire burns you!
* * * LOW HITPOINT WARNING * * *
You shake off some of the fire as you move.
The liquid fire burns you!
* * * LOW HITPOINT WARNING * * *
It was a potion of curing.
You feel better. The liquid fire burns you!
* * * LOW HITPOINT WARNING * * *
You shake off some of the fire as you move.
The liquid fire burns you!
You die...

## ##.###.##.##.#
##.## ##.##
.###.#....##.##.#
##.###.##
#...##.#####.##.#
##.#.## ##.###.#
#.# .## ##.##
.......# #.# ..#
#.# ...##### #.#
#.# #.# #### #.#
#.# #.# #.# #.#
#.# #.# #@# #.#
#.###.### #.#
#.......# #.#
#####†#.# #)#.#
#.# # ... .#. .
..


There were no monsters in sight!

Vanquished Creatures
  A bombardier beetle (D:3)
  3 gnolls (D:2)
  3 adders
  A dart slug (D:1)
  2 ribbon worms (D:2)
  7 endoplasms
  2 giant cockroaches (D:1)
  5 goblins
  7 hobgoblins
  6 jackals
  7 kobolds
  5 quokkas
  2 ball pythons
  8 bats
  4 frilled lizards (D:2)
  3 rats (D:1)
66 creatures vanquished.

Notes
Turn   | Place    | Note
-------+----------+-------------------------------------------
     0 | D:1      | DroidAssault the Draconian Air Elementalist began the quest
                  | for the Orb.
     0 | D:1      | Reached XP level 1. HP: 14/14 MP: 3/3
   222 | D:1      | Reached XP level 2. HP: 20/20 MP: 0/5
   225 | D:1      | Learned a level 2 spell: Static Discharge
   730 | D:1      | Reached XP level 3. HP: 27/27 MP: 6/6
   925 | D:2      | Learned a level 3 spell: Swiftness
   972 | D:2      | Found an iron altar of Okawaru.
  1264 | D:2      | Reached XP level 4. HP: 20/34 MP: 2/7
  1282 | D:2      | Gained mutation: You occasionally lose the ability to read
                  | scrolls when taking damage. [potion of mutation]
  1283 | D:2      | Lost mutation: You occasionally lose the ability to read
                  | scrolls when taking damage. [potion of mutation]
  1283 | D:2      | Gained mutation: You are dopey. (Int -2) [potion of
                  | mutation]
  1283 | D:2      | Gained mutation: You have hidden genetic potential. [potion
                  | of mutation]
  1633 | D:2      | Reached skill level 1 in Fighting
  1637 | D:2      | Reached skill level 1 in Short Blades
  1725 | D:3      | Reached skill level 1 in Throwing
  1840 | D:3      | Lost mutation: You have hidden genetic potential. [potion
                  | of mutation]
  1840 | D:3      | Lost mutation: You are dopey. (Int -2) [potion of mutation]
  1840 | D:3      | Gained mutation: Your flesh is cold resistant. (rC+)
                  | [potion of mutation]
  1840 | D:3      | Gained mutation: Your large and strong wings let you fly.
                  | [potion of mutation]
  1863 | D:3      | Found a white marble altar of Elyvilon.
  2155 | D:3      | Reached XP level 5. HP: 20/40 MP: 1/8
  2157 | D:3      | HP: 1/40 [burnt (9)]
  2159 | D:3      | Incinerated by a bombardier beetle

Illustrated notes

Levels and vault maps discovered:
D:1:      nzn_arrival_depleted_hourglass, layout_rooms,
          minmay_misc_feat_enclosed
D:2:      layout_rooms, basic_altar, minmay_misc_feat_tower, grunt_ministairs_4,
          minmay_quadrilaterals
D:3:      layout_loops_ring, amcnicky_altar_gilded, kennysheep_ying_yang,
          ebering_ghost_sewer_d

Skill      XL: |  1  2  3  4 |
---------------+-------------+-----
Dodging        | 2 |  2.2
Stealth        | 2 |  2.3
Fighting       | 1 |  1.2
Short Blades   | 1 |  1.1
Throwing       | 1 |  1.2
Conjurations   | 2 |  2.0
Polearms       | |  0.2
Spellcasting   | |  2.6
Air Magic      | |  3.7

Action                     |  1- 3 |  4- 6 || total
---------------------------+-------+-------++-------
  Melee: Unarmed           |     8 |       ||     8
         Tailslap          |     1 |       ||     1
         Dagger            |    11 |     8 ||    19
         Punch             |     1 |       ||     1
  Throw: Javelin           |    17 |    10 ||    27
   Cast: Shock             |    26 |       ||    26
         Static Discharge  |    29 |    10 ||    39
    Use: Potion            |     1 |     4 ||     5
         Scroll            |     1 |     1 ||     2
   Stab: Sleeping          |       |     5 ||     5
 Armour: Skin              |    96 |    15 ||   111
  Dodge: Dodged            |    80 |     5 ||    85
